AoeStats
← savageCGN

Black Forest

503454117Analyzed
4v4 RM · 1mo ago on Aug 31, 2026· 91m 35s· 8 players
Game mode
Random Map
Map size
Large (8 player)
Population
200
Speed
Normal
Resources
Standard
Victory
Conquest
Starting age
Dark Age
Ending age
Imperial Age
RankedLock teamsTeams togetherTeam positionsShared explorationLock speedFull tech treeHidden civsTurbo modeCheats
Victory
Defeat
🇲🇽 Spanish · Mexico
677
+17
🇦🇷 Persians · Argentina
669
+17
🇬🇷 Spanish · Greece
650
+18
🇬🇷 Bohemians · Greece
635
+19
🇩🇪 Dravidians · Germany
735
-20
🇩🇪 Franks · Germany
719
-19
🇩🇪 Mongols · Germany
717
-19
🇩🇪 Byzantines · Germany
620
-14
Bergoglio
2:05 Loom
12:04 Feudal Age
12:30 Horse Collar
12:37 Double-Bit Axe
13:47 Gold Mining
17:18 Stone Mining
21:29 Castle Age
20:47 Forging
20:37 Scale Mail Armor
22:20 Heavy Plow
22:59 Gold Shaft Mining
23:01 Stone Shaft Mining
22:38 Bow Saw
32:35 Imperial Age
30:34 Husbandry
30:48 Bloodlines
30:46 Thumb Ring
30:47 Squires
30:32 Arson
30:32 Gambesons
30:12 Light Cavalry
30:59 Crossbowman
31:54 Town Watch
32:44 Wheelbarrow
33:14 Conscription
34:15 Crop Rotation
33:54 Hussar
35:37 Town Patrol
35:53 Hand Cart
37:21 Two-Man Saw
37:07 Kamandaran
39:35 Chemistry
38:56 Ballistics
38:22 Cavalier
39:39 Padded Archer Armor
39:29 Fletching
39:45 Scale Barding Armor
40:17 Iron Casting
40:28 Savar
43:05 Leather Archer Armor
42:46 Bodkin Arrow
43:12 Chain Barding Armor
43:52 Blast Furnace
45:00 Caravan
44:48 Pikeman
47:15 Plate Barding Armor
47:14 Ring Archer Armor
46:27 Halberdier
49:14 Onager
66:56 Elite War Elephant
68:29 Chain Mail Armor
71:50 Man-at-Arms
89:02 Plate Mail Armor
angelottis
0:27 Loom
14:48 Feudal Age
16:15 Wheelbarrow
15:28 Double-Bit Axe
19:10 Stone Mining
20:21 Gold Mining
21:03 Horse Collar
23:32 Castle Age
22:11 Man-at-Arms
22:55 Scale Mail Armor
23:07 Forging
22:46 Fishing Lines
24:12 Heavy Plow
24:23 Bow Saw
24:26 Squires
25:31 Caravan
26:01 Long Swordsman
26:30 Gambesons
27:24 Chain Mail Armor
27:35 Gillnets
28:52 Hand Cart
28:56 Pikeman
30:49 Iron Casting
30:36 Fortified Wall
35:11 Imperial Age
34:48 Masonry
35:43 Arson
35:23 Halberdier
37:27 Conscription
37:51 Plate Mail Armor
38:23 Blast Furnace
39:44 Two-Man Saw
38:22 Cavalier
39:41 Scale Barding Armor
40:13 Bloodlines
40:04 Husbandry
42:19 Paladin
44:17 Chain Barding Armor
50:04 Plate Barding Armor
67:25 Two-Handed Swordsman
69:12 Champion
73:54 Chemistry
76:31 Guilds
86:43 Light Cavalry
89:21 Arson
91:19 Coinage
gkalounias
0:29 Loom
18:44 Feudal Age
20:41 Horse Collar
20:47 Town Watch
21:38 Wheelbarrow
20:51 Double-Bit Axe
25:50 Fishing Lines
31:42 Castle Age
38:31 Imperial Age
38:01 Fortified Wall
40:46 Gillnets
43:59 Bow Saw
43:54 Heavy Plow
44:08 Forging
43:48 Fletching
43:59 Padded Archer Armor
43:59 Scale Mail Armor
44:05 Scale Barding Armor
44:32 Coinage
44:04 Caravan
44:19 Guilds
44:24 Fervor
44:29 Block Printing
44:40 Illumination
44:15 Atonement
44:26 Redemption
46:30 Herbal Medicine
47:11 Theocracy
46:36 Devotion
46:57 Sanctity
46:57 Heresy
47:40 Two-Man Saw
47:07 Hand Cart
48:40 Town Patrol
50:53 Banking
50:42 Pikeman
51:22 Squires
51:10 Arson
50:46 Man-at-Arms
52:43 Halberdier
52:44 Long Swordsman
57:30 Two-Handed Swordsman
59:12 Leather Archer Armor
58:52 Bodkin Arrow
59:33 Iron Casting
59:13 Chain Mail Armor
59:38 Elite Hussite Wagon
61:42 Chemistry
60:55 Masonry
60:51 Siege Engineers
60:41 Murder Holes
60:27 Treadmill Crane
60:37 Guard Tower
60:33 Arrowslits
61:09 Ballistics
61:55 Champion
64:27 Bombard Tower
64:39 Architecture
66:26 Keep
78:20 Faith
79:02 Blast Furnace
78:03 Bracer
78:33 Ring Archer Armor
78:34 Plate Mail Armor
78:25 Chain Barding Armor
ntukis
0:47 Loom
14:25 Feudal Age
15:42 Double-Bit Axe
15:39 Horse Collar
16:49 Gold Mining
17:20 Stone Mining
18:34 Fishing Lines
22:46 Fletching
25:46 Castle Age
26:43 Caravan
28:05 Stone Shaft Mining
30:18 Bow Saw
30:12 Gillnets
31:32 Inquisition
32:15 Heavy Plow
33:56 Fortified Wall
38:03 Imperial Age
36:56 Padded Archer Armor
40:56 Chemistry
40:17 Ballistics
40:39 Wheelbarrow
39:50 Town Watch
40:43 Conscription
41:31 Husbandry
41:41 Bloodlines
43:46 Two-Man Saw
43:09 Padded Archer Armor
43:15 Scale Barding Armor
43:21 Forging
43:07 Bodkin Arrow
43:35 Scale Mail Armor
43:41 Squires
43:02 Pikeman
45:31 Hand Cart
45:51 Cavalier
48:14 Elite Conquistador
49:52 Paladin
51:20 Fervor
51:32 Sanctity
51:43 Illumination
51:36 Block Printing
51:21 Herbal Medicine
52:06 Theocracy
52:35 Halberdier
53:57 Coinage
53:37 Guilds
54:44 Chain Barding Armor
54:40 Chain Mail Armor
55:01 Iron Casting
54:26 Bracer
54:42 Leather Archer Armor
55:06 Bombard Tower
54:44 Murder Holes
55:48 Onager
58:18 Banking
58:47 Plate Barding Armor
58:42 Plate Mail Armor
59:13 Blast Furnace
62:02 Ring Archer Armor
rafa20058
1:55 Loom
14:35 Feudal Age
15:54 Wheelbarrow
15:16 Horse Collar
19:28 Double-Bit Axe
25:35 Castle Age
24:43 Padded Archer Armor
25:24 Scale Mail Armor
25:30 Stone Mining
25:57 Gold Mining
26:53 Fletching
27:13 Forging
27:44 Heavy Plow
31:51 Iron Casting
32:08 Stone Shaft Mining
32:08 Gold Shaft Mining
32:49 Hand Cart
33:22 Bodkin Arrow
35:28 Leather Archer Armor
35:58 Fishing Lines
39:21 Imperial Age
37:44 Chain Mail Armor
38:33 Fortified Wall
38:57 Bow Saw
39:56 Murder Holes
40:09 Bracer
42:05 Gold Shaft Mining
42:30 Ring Archer Armor
41:53 Treadmill Crane
42:39 Ballistics
43:20 Chemistry
43:14 Caravan
44:12 Plate Mail Armor
43:48 Scale Barding Armor
44:49 Hoardings
47:23 Squires
46:44 Pikeman
48:40 Halberdier
57:17 Chain Barding Armor
61:12 Elite Cataphract
62:16 Conscription
64:34 Bombard Tower
64:00 Arrowslits
64:06 Guard Tower
68:17 Logistica
75:07 Two-Man Saw
84:12 Gillnets
88:46 Elite Skirmisher
savageCGN
2:37 Loom
12:23 Feudal Age
17:31 Castle Age
16:21 Double-Bit Axe
16:21 Fishing Lines
16:26 Horse Collar
21:06 Heavy Plow
21:07 Gillnets
22:49 Town Watch
24:26 Wheelbarrow
25:40 Fletching
26:10 Hand Cart
29:35 Bow Saw
29:40 Husbandry
32:45 Imperial Age
30:19 Bodkin Arrow
30:25 Padded Archer Armor
30:35 Forging
30:26 Scale Mail Armor
30:53 Ballistics
31:29 Caravan
32:04 Leather Archer Armor
31:13 Pikeman
31:54 Squires
32:03 Thumb Ring
31:31 Elite Skirmisher
32:48 Gold Mining
33:07 Medical Corps
34:14 Bracer
34:43 Stone Mining
35:17 Conscription
34:34 Elite Elephant Archer
35:23 Scale Barding Armor
37:52 Two-Man Saw
37:22 Halberdier
38:28 Masonry
39:32 Chemistry
39:50 Wootz Steel
40:13 Hoardings
41:43 Ring Archer Armor
41:49 Iron Casting
44:55 Hoardings
44:33 Gambesons
44:39 Gambesons
44:39 Arson
46:56 Blast Furnace
46:12 Chain Mail Armor
48:01 Coinage
47:41 Guilds
49:13 Plate Mail Armor
52:33 Scale Barding Armor
55:13 Banking
56:38 Chain Barding Armor
61:55 Man-at-Arms
63:59 Murder Holes
64:11 Onager
66:34 Siege Onager
77:52 Long Swordsman
gebratenenudel
8:45 Loom
12:18 Feudal Age
12:46 Horse Collar
16:57 Wheelbarrow
21:08 Castle Age
20:17 Padded Archer Armor
20:26 Double-Bit Axe
20:38 Fishing Lines
25:00 Hand Cart
26:24 Bow Saw
27:42 Bloodlines
31:16 Ballistics
35:37 Imperial Age
33:15 Heavy Plow
36:16 Forging
36:12 Scale Barding Armor
36:22 Leather Archer Armor
35:58 Fletching
36:09 Scale Mail Armor
36:09 Murder Holes
36:28 Masonry
36:34 Caravan
39:30 Chemistry
38:42 Fortified Wall
38:40 Siege Engineers
39:15 Iron Casting
39:01 Chain Barding Armor
39:11 Parthian Tactics
40:33 Onager
41:11 Bodkin Arrow
42:16 Blast Furnace
41:32 Chain Mail Armor
41:23 Husbandry
41:54 Town Watch
44:33 Town Patrol
44:44 Bracer
44:11 Heavy Cavalry Archer
44:17 Elite Mangudai
45:33 Hoardings
45:19 Drill
46:14 Plate Mail Armor
45:06 Pikeman
45:46 Squires
48:29 Nomads
50:04 Stone Mining
50:05 Gold Mining
51:52 Cavalier
52:27 Siege Onager
60:21 Guard Tower
BerkusMaximus
1:11 Loom
18:19 Feudal Age
27:55 Castle Age
27:29 Gold Mining
27:27 Double-Bit Axe
27:49 Stone Mining
32:38 Husbandry
34:35 Fortified Wall
35:45 Scale Mail Armor
40:23 Imperial Age
40:33 Wheelbarrow
41:26 Cavalier
42:13 Scale Barding Armor
42:09 Scale Mail Armor
42:19 Forging
43:07 Gold Shaft Mining
45:09 Chain Barding Armor
45:05 Chain Mail Armor
45:58 Caravan
46:46 Plate Barding Armor
46:56 Bow Saw
46:18 Paladin
48:19 Chivalry
51:16 Iron Casting
50:57 Chain Mail Armor
51:48 #83
53:50 Plate Mail Armor
54:21 Blast Furnace
53:39 Hand Cart
53:42 Elite Throwing Axeman
62:29 Pikeman
63:09 Squires
62:55 Arson
89:03 Halberdier
Connection lost

Rejoining the realm…

Still unreachable

The connection could not be restored.

Session expired

The server has moved on; the page needs a fresh start.